[Event "Fall GM-B Norm Invitational 2022"]
[Site "Charlotte"]
[Date "2022.11.18"]
[Round "2"]
[White "Cruz, Cristhian"]
[Black "Ngo, Bach"]
[Result "1/2-1/2"]
[ECO "D01"]
[WhiteElo "2552"]
[BlackElo "2275"]
[Annotator "TA"]
[PlyCount "81"]
[EventDate "2022.11.18"]
[EventType "tourn"]
[EventCountry "USA"]
[SourceTitle "playchess.com"]
[Source "ChessBase"]
[SourceQuality "1"]
[TimeControl "5400+30"]

1. d4 Nf6 2. Nc3 d5 3. Bf4 a6 4. e3 Bf5 5. Bd3 Bxd3 6. Qxd3 {[%emt 0:00:57] D00: 1 d4 d5: Unusual lines.} e6 7. Nge2 Nbd7 {[%emt 0:10:45] [#]} 8. O-O-O $146 {[%emt 0:07:33] The position is equal.} ({Predecessor:} 8. O-O c5 9. dxc5 Bxc5 10. Bg5 Qc7 11. e4 Bd6 12. h3 Nc5 13. Qe3 Ncxe4 14. Bxf6 Nxf6 {0-1 (45) Sprindys,A-Slikas,L (2062) Vilnius 2007}) 8... b5 9. f3 c5 10. e4 c4 11. Qe3 Nb6 {[%emt 0:02:46] White should prevent ...b4.} 12. a3 Be7 $1 13. g4 Qd7 14. Ng3 (14. g5 $1 $11 Nh5 15. exd5) 14... O-O $15 15. Bg5 {[%emt 0:24:17] [#]} (15. g5 $142 Ne8 16. exd5) 15... Rfb8 $1 $17 16. Nh5 Nxh5 17. gxh5 (17. Bxe7 $142 Qxe7 18. gxh5) 17... Bxg5 (17... a5 $17 {And now ...b4 would win.} 18. Bxe7 Qxe7 19. Nxb5 Na4) 18. Qxg5 $15 h6 19. Qf4 Kh8 (19... Kh7 $5 ) 20. Rhg1 Rg8 21. Rg2 Kh7 22. Re1 a5 {[%emt 0:01:24] White must now prevent ...b4.} 23. exd5 exd5 {[%emt 0:02:38] Hoping for ...b4.} 24. Re5 b4 25. Nxd5 Nxd5 26. Qe4+ Kh8 27. Qxd5 Qh3 28. Rge2 c3 29. bxc3 bxc3 30. R5e3 Rac8 31. Qxa5 (31. Qxf7 Qf1+ 32. Re1 Qf2 $17) 31... Qf1+ 32. Re1 Qf2 33. R1e2 {[%emt 0:00:06] Inhibits Qd2+.} Qg1+ 34. Re1 Qxh2 35. Rd1 {[%emt 0:00:15] Against Qd2+} Ra8 (35... Qf4 $11 36. Qe5 Qh4) 36. Qxc3 $14 Rgc8 37. Qd2 Qd6 38. Qb4 ({White should try} 38. Qd3 $16) 38... Qf4 (38... Qc7 $11 {remains equal.} 39. Qd2 Ra5) 39. Qd2 {[%emt 0:00:27][%cal Oe3e8] Re8+! is the strong threat.} Qd6 $1 40. Qb4 Qf4 {[%emt 0:00:05] [#]} 41. Qd2 {[%emt 0:00:21] Weighted Error Value: White=0.20 (precise) /Black=0.14 (very precise)} ({White should play} 41. Rdd3 $1 $16) 1/2-1/2

[Event "Fall GM-B Norm Invitational 2022"]
[Site "Charlotte"]
[Date "2022.11.18"]
[Round "2"]
[White "Beradze, Irakli"]
[Black "Kantor, Gergely"]
[Result "1/2-1/2"]
[ECO "A07"]
[WhiteElo "2494"]
[BlackElo "2561"]
[Annotator "TA"]
[PlyCount "51"]
[EventDate "2022.11.18"]
[EventType "tourn"]
[EventCountry "USA"]
[SourceTitle "playchess.com"]
[Source "ChessBase"]
[SourceQuality "1"]
[TimeControl "5400+30"]

1. Nf3 d5 2. g3 g6 3. c4 dxc4 4. Na3 Bg7 5. Nxc4 Nc6 6. d3 {[%emt 0:01:04] A09: Réti Opening: 1 Nf3 d5 2 c4.} e5 7. Bd2 Nf6 8. Ncxe5 Nxe5 9. Nxe5 O-O $1 10. Nf3 Re8 11. Bc3 Bf5 {[%emt 0:05:48] [#]} 12. e3 $146 ({Predecessor:} 12. d4 Qe7 13. Bg2 Ne4 14. Nh4 Bg4 15. Nf3 c5 16. e3 Nxf2 17. Kxf2 Qxe3+ 18. Kf1 Rad8 19. h3 Bf5 20. Ne1 cxd4 21. Bd2 Qxg3 22. Qf3 Qd6 23. Nd3 Qa6 {0-1 (23) Banusz,T (2631)-Can,E (2569) Tornelo INT 2021}) 12... Qd5 13. Be2 Bh3 14. Bf1 Bf5 15. Be2 Bh3 16. Rg1 Bg4 17. Nd2 Bxe2 18. Qxe2 Rad8 19. d4 Ne4 {[%emt 0:00:09] The position is equal.} 20. Nxe4 Qxe4 21. O-O-O Bxd4 22. Bxd4 Rxd4 23. Rxd4 Qxd4 24. Rd1 Qc5+ 25. Qc2 Qe7 26. Qd3 {[%emt 0:00:46] An interesting draw.  Weighted Error Value: White=0.03 (flawless) /Black=0.02 (flawless)} 1/2-1/2

[Event "Fall GM-B Norm Invitational 2022"]
[Site "Charlotte"]
[Date "2022.11.18"]
[Round "2"]
[White "Paragua, Mark"]
[Black "Ozenir, Ekin Baris"]
[Result "1/2-1/2"]
[ECO "E18"]
[WhiteElo "2466"]
[BlackElo "2352"]
[Annotator "TA"]
[PlyCount "104"]
[EventDate "2022.11.18"]
[EventType "tourn"]
[EventCountry "USA"]
[SourceTitle "playchess.com"]
[Source "ChessBase"]
[SourceQuality "1"]
[TimeControl "5400+30"]

1. d4 e6 2. Nf3 Nf6 3. c4 b6 4. g3 Bb7 5. Bg2 Be7 6. O-O O-O 7. Nc3 Ne4 8. Bd2 Bf6 9. Re1 {[%emt 0:00:17] E18: Queen's Indian: Old Main Line (4 g3 Bb7 5 Bg2 Be7 6 0-0 0-0 7 Nc3).} d5 10. cxd5 exd5 11. Bf4 {[%emt 0:00:54] [#] White has an edge.} Nxc3 $146 ({Predecessor:} 11... Re8 12. Qb3 Nxc3 13. bxc3 Nd7 14. a4 c5 15. a5 Bc6 16. axb6 axb6 17. Rxa8 Qxa8 {½-½ (38) Esipenko,A (2625)-Abdusattorov,N (2594) Abu Dhabi 2019}) 12. bxc3 c5 ({Better is} 12... Nc6 $14) 13. Ne5 (13. e4 $1 $16) 13... Nd7 14. Qa4 (14. Nc4 $5 ) 14... Bxe5 15. dxe5 Qe8 16. e4 Nxe5 17. Qxe8 Rfxe8 18. exd5 Nd7 (18... Nd3 $11 19. Rxe8+ Rxe8) 19. Bh3 Nf6 20. c4 Bc8 21. Rxe8+ Nxe8 22. Bg2 {[%emt 0:00:38] Strongly threatening d6. White is more active.} Ba6 23. Re1 (23. Bf1 $16) 23... Rd8 {[%emt 0:04:26] [#]} (23... Bxc4 $11 {remains equal.} 24. d6 Rd8) 24. d6 (24. Bf1 $1 $16) 24... Bxc4 $11 25. Bc6 Be6 {[%emt 0:01:37] [#]} 26. Rxe6 fxe6 27. Bxe8 e5 $1 (27... Rxe8 28. Bg5 $16) 28. Be3 Rxd6 ({Don't take} 28... Rxe8 29. Bg5 $16) 29. Kf1 a6 30. Ke2 c4 31. Bd2 Rd3 32. Bc6 b5 33. Bb4 {[%emt 0:01:35] Inhibits Ra3.} Kf7 34. Be4 a5 {[%emt 0:01:22] Hoping for ...Rd4.} 35. Bc5 {[%emt 0:00:09] Inhibits Rd4. This bishop pair is nice.} (35. Bxh7 $2 g6 36. Bxa5 Ra3 $19) 35... Rc3 ({Black should try} 35... Rd7 $11) 36. Kd2 $14 {[%emt 0:00:22][%mdl 1024] White has compensation.} ({Not} 36. Bxh7 $2 g6 37. Bd6 Rc2+ 38. Ke3 Kg7 39. Bxg6 Kxg6 $19) 36... b4 37. Bb6 ({Wrong is} 37. Bxh7 $2 g6 38. f3 Ra3 $19) 37... Ra3 38. Bd5+ Kf6 (38... Ke8 $14 {feels stronger.} 39. Bxc4 Kd7) 39. Bxc4 $16 a4 {[%emt 0:00:05] [#]} 40. Bd8+ (40. Ba5 $1 $16 ) 40... Kf5 $14 41. Be7 (41. Ba5 $5 Rf3 42. Bb6 $14) 41... Rf3 $1 {[%emt 0:00:35] The position is equal.} 42. Bxb4 {[%emt 0:11:56] Ke1 is the strong threat.} Rxf2+ 43. Ke3 Rxh2 44. a3 Rb2 45. Bc3 Rb8 46. Bd3+ Kf6 47. Ke4 Rb3 48. Bxe5+ Ke7 $1 49. Bd4 h5 50. Bc5+ Kf6 51. Bd6 Ke6 52. Bc5 {[%emt 0:05:18] aiming for Bc4+.} Kf6 {[%emt 0:00:04] Weighted Error Value: White=0.17 (very precise) /Black=0.18 (very precise)} 1/2-1/2

[Event "Fall GM-B Norm Invitational 2022"]
[Site "Charlotte"]
[Date "2022.11.18"]
[Round "2"]
[White "Korley, Kassa"]
[Black "Woodward, Andy"]
[Result "1/2-1/2"]
[ECO "A05"]
[WhiteElo "2451"]
[BlackElo "2447"]
[Annotator "TA"]
[PlyCount "27"]
[EventDate "2022.11.18"]
[EventType "tourn"]
[EventCountry "USA"]
[SourceTitle "playchess.com"]
[Source "ChessBase"]
[SourceQuality "1"]
[TimeControl "5400+30"]

1. Nf3 Nf6 2. b3 g6 3. Bb2 Bg7 4. g3 b6 5. Bg2 Bb7 6. O-O O-O 7. c4 c5 8. d4 cxd4 9. Qxd4 d5 10. cxd5 Qxd5 {[%emt 0:00:29] A30: Symmetrical English: Double Fianchetto and Hedgehog.} 11. Qxd5 Nxd5 12. Bxg7 Kxg7 13. Rc1 Nd7 {[%emt 0:02:56] [#] A rather calm draw.} {Predecessor:} 14. Na3 $146 1/2-1/2

[Event "Fall GM-B Norm Invitational 2022"]
[Site "Charlotte"]
[Date "2022.11.18"]
[Round "2"]
[White "Hilby, Craig"]
[Black "Williams, Justus"]
[Result "0-1"]
[ECO "A15"]
[WhiteElo "2411"]
[BlackElo "2395"]
[Annotator "TA"]
[PlyCount "144"]
[EventDate "2022.11.18"]
[EventType "tourn"]
[EventCountry "USA"]
[SourceTitle "playchess.com"]
[Source "ChessBase"]
[SourceQuality "1"]
[TimeControl "5400+30"]

1. Nf3 Nf6 2. c4 g6 3. b4 Bg7 4. Bb2 O-O 5. e3 d6 6. Be2 e5 7. d3 a5 8. b5 {[%emt 0:01:06] A15: English Opening: 1...Nf6.} Re8 9. O-O e4 10. dxe4 {[%emt 0:02:14] The position is equal.} Nxe4 11. Bxg7 Kxg7 {[%emt 0:00:03] [#]} 12. Qc2 $146 ({Predecessor:} 12. Qd4+ Qf6 13. Bd3 Nc5 14. Qxf6+ Kxf6 15. Nc3 Be6 16. Be2 Nbd7 17. Nd5+ Bxd5 18. cxd5 Re4 19. Rac1 Ra4 20. Rc2 Nb6 21. Rd1 Re8 22. h3 Re7 23. g4 Kg7 {½-½ (23) Ortiz Elias,J (2460)-Soentges,K (2469) Argentina 2001}) 12... Qf6 13. Nbd2 Nc5 14. Nd4 a4 15. Nb1 Nbd7 16. Nc3 Nb6 17. Rae1 Be6 18. Nxe6+ Qxe6 19. Rd1 f5 (19... Nxc4 $2 20. Nd5 Ne5 21. Nxc7 $18) 20. Rd4 Qe5 21. Bf3 Ra7 (21... Qf6 $14) 22. Nd5 $1 $16 Nxd5 23. Rxd5 Qf6 24. Rfd1 {[%emt 0:04:54][%cal Ob5b6] Threatens to win with b6!} Nd7 25. g3 Re5 26. Rxe5 Qxe5 27. Rd5 Qf6 28. Rd4 a3 $1 29. b6 Nxb6 30. c5 Nd7 31. cxd6 c5 32. Rd2 Ne5 (32... Ra6 $1 $14) 33. Bg2 (33. Be2 $142) 33... b6 {[%emt 0:00:10] [#]} 34. Qb3 (34. f4 $1 $16 Nf7 35. d7) 34... Rd7 $11 35. f4 (35. Qxb6 Nc4 36. Qxc5 Qa1+ 37. Rd1 Qxd1+ $19) 35... Nf7 36. Qxa3 Rxd6 37. Rxd6 Qxd6 {[%emt 0:00:12][%mdl 4096] Endgame KQB-KQN} 38. Qb3 Qd2 39. h3 h5 40. a3 Qc1+ 41. Bf1 Nd6 (41... b5 $5 42. Qxb5 Qxe3+ 43. Kg2 Qxa3 $15) 42. Qe6 Nf7 43. a4 ({Not} 43. Qe7 $2 c4 44. Qd7 Qxe3+ 45. Kg2 h4 46. gxh4 Qxf4 $19) 43... Qe1 44. Kg2 Qd2+ 45. Kf3 Qd1+ 46. Kf2 Qd6 47. Qb3 Qd2+ 48. Kg1 Qd8 49. Qe6 Qf6 50. Qd7 Qd6 51. Qe8 Kf6 52. Qb5 Qe6 53. Kh2 Kg7 ({Don't play} 53... Qxe3 54. Qxb6+ Kg7 55. Qb2+ Kf8 56. h4 $16) 54. Qb2+ Kh7 55. Bg2 h4 56. gxh4 Qxe3 57. Qxb6 Qxf4+ {[%emt 0:00:28] White is now going downhill.} 58. Kh1 Qxa4 {[%emt 0:00:55] ...Qd1+ is the strong threat.} 59. Qxc5 Qxh4 60. Qf8 Qf6 (60... Qe1+ {is more complex.} 61. Kh2 Qe5+ 62. Kg1 Ng5) 61. Qe8 (61. Bd5 $2 Qa1+ 62. Kg2 Qb2+ 63. Kh1 Qc1+ 64. Kh2 Qf4+ 65. Kh1 Qf1+ 66. Kh2 Qf4+ 67. Kh1 Qc1+ 68. Kh2 Qf4+ $19) ({Better is} 61. Bf3) 61... Ne5 62. Bd5 Kh6 63. Qe6 (63. Qc8 $17 {was called for.}) 63... Qxe6 $19 64. Bxe6 {[%emt 0:00:02] KB-KN} Kg5 65. Kg2 {[%emt 0:00:04] [#]} Kf4 $1 66. Kf2 $2 (66. Bd5) 66... Nd3+ 67. Ke2 Ke5 68. Bf7 Kf6 69. Kxd3 Kxf7 {[%emt 0:00:02] Black mates.} 70. h4 Ke6 71. Kd4 Kd6 72. Ke3 Ke5 {[%emt 0:07:32] Weighted Error Value: White=0.08 (flawless) /Black=0.07 (flawless)} 0-1

[Event "Fall GM-B Norm Invitational 2022"]
[Site "Charlotte"]
[Date "2022.11.19"]
[Round "3"]
[White "Woodward, Andy"]
[Black "Beradze, Irakli"]
[Result "0-1"]
[ECO "D30"]
[WhiteElo "2447"]
[BlackElo "2494"]
[Annotator "TA"]
[PlyCount "82"]
[EventDate "2022.11.18"]
[EventType "tourn"]
[EventCountry "USA"]
[SourceTitle "playchess.com"]
[Source "ChessBase"]
[SourceQuality "1"]
[TimeControl "5400+30"]

1. d4 d5 2. c4 e6 3. Nf3 c6 4. Qc2 Nf6 5. Nbd2 Be7 6. g3 O-O 7. Bg2 b6 8. O-O Bb7 9. e4 Na6 10. e5 Nd7 11. b3 {[%emt 0:00:11] E06: Closed Catalan: Early deviations.} c5 12. Bb2 Rc8 {[%emt 0:09:05][%cal Ba8c8,Bc8c7,Bc7d7][%mdl 32] [#]} 13. Rac1 $146 {[%emt 0:09:00] The position is equal.} ({Predecessor:} 13. Qc3 cxd4 14. Qxd4 Nb4 15. Rfc1 Bc5 16. Qc3 dxc4 17. bxc4 Qc7 18. Re1 Na6 19. a3 {0-1 (31) Gurevich,M (2549)-Fressinet,L (2660) Nancy 2017}) 13... dxc4 14. bxc4 (14. Nxc4 $11 {remains equal.} Nb4 15. Qb1) 14... cxd4 15. Bxd4 Ndc5 16. Rfd1 Rc7 17. Nf1 {[%emt 0:05:58] Black must now prevent Bxc5.} Rd7 18. Be3 {[%emt 0:07:22] [#]} (18. Bxc5 $17 Nxc5 19. Ne1) 18... Nd3 $1 $19 {[%emt 0:12:33] And now ...Nab4 would win.} 19. Ra1 Bxf3 (19... Nac5 $19 20. a4 Qc7 21. Bxc5 Nxc5 22. Rxd7 Nxd7) 20. Bxf3 $17 Nxe5 21. Bg2 Nc5 22. a4 a5 23. Rdb1 (23. Qe2 $17) 23... Ned3 $19 24. Rd1 Bf6 25. Rab1 Nb4 {[%emt 0:00:12] Pair of Knights!} 26. Qe2 Nxa4 {[%emt 0:00:30] ...Nc3 is the strong threat.} 27. Bd2 Nc3 28. Bxc3 Bxc3 29. Rdc1 Bd4 {[%emt 0:00:08][%cal Ob4d3] aiming for ...Nd3!} 30. Ne3 Qc7 31. Qf3 Rfd8 32. h4 Qc5 33. Nc2 $2 (33. Bf1) 33... h5 (33... Qxc4 $2 34. Nxb4 $18) 34. Nxd4 Rxd4 (34... Qxd4 $2 35. Qxh5 Nd3 36. Rc2 $19) 35. Rd1 $2 (35. Qe3) 35... g6 36. Rxd4 Rxd4 (36... Qxd4 $2 {too greedy.} 37. Bf1 $19) 37. Qf6 (37. Bf1 {might work better.}) 37... Rd2 38. Rf1 Qxc4 {[%emt 0:01:05] Strongly threatening ...a4.} 39. Kh2 Qd4 40. Qe7 Rxf2 41. Rc1 {[%emt 0:00:17] [#]} Rxg2+ $1 {[%emt 0:00:29] Weighted Error Value: White=0.93/Black=0.39} 0-1

[Event "Fall GM-B Norm Invitational 2022"]
[Site "Charlotte"]
[Date "2022.11.19"]
[Round "3"]
[White "Ozenir, Ekin Baris"]
[Black "Cruz, Cristhian"]
[Result "1/2-1/2"]
[ECO "A13"]
[WhiteElo "2352"]
[BlackElo "2552"]
[Annotator "TA"]
[PlyCount "52"]
[EventDate "2022.11.18"]
[EventType "tourn"]
[EventCountry "USA"]
[SourceTitle "playchess.com"]
[Source "ChessBase"]
[SourceQuality "1"]
[TimeControl "5400+30"]

1. Nf3 d5 2. c4 e6 3. g3 Nf6 4. Bg2 dxc4 5. Qa4+ Bd7 6. Qxc4 {[%emt 0:00:09] A13: English Opening: 1...e6.} c5 7. Ne5 Qc8 8. O-O Nc6 {[%emt 0:02:37] Inhibits d4.} 9. Nxd7 Qxd7 10. Qa4 Rc8 11. Nc3 b6 12. d3 Be7 13. Bd2 O-O 14. Rfc1 Rfd8 15. Rab1 {[%emt 0:10:42] [#]} Ne8 $146 ({Predecessor:} 15... c4 16. Ne4 Nd4 17. Nxf6+ Bxf6 18. Qxd7 Rxd7 19. Kf1 Rdc7 20. e3 Nb5 21. Rxc4 Rxc4 22. dxc4 Rxc4 {½-½ (58) Polschikov,A (2420)-Vetokhin,S (2324) Belgrade 2021}) 16. Ne4 Nf6 (16... f5 $11 17. Nc3 g6) 17. Nxf6+ $14 Bxf6 18. Kf1 (18. b4 $5 ) 18... a5 19. a3 Be7 {[%emt 0:07:16] Against b4} (19... Ne7 $11 {keeps the balance.} 20. Qb3 Rb8) 20. b4 $16 axb4 21. axb4 h5 22. Be3 Nd4 (22... Nxb4 $2 23. Qxd7 Rxd7 24. Rxb4 $18) 23. Qxd7 Rxd7 24. bxc5 bxc5 25. Rc4 (25. h4 $16) 25... Rcd8 26. Bxd4 cxd4 {[%emt 0:00:30] Weighted Error Value: White=0.10 (very precise) /Black=0.14 (very precise)} 1/2-1/2

[Event "Fall GM-B Norm Invitational 2022"]
[Site "Charlotte"]
[Date "2022.11.19"]
[Round "3"]
[White "Ngo, Bach"]
[Black "Hilby, Craig"]
[Result "0-1"]
[ECO "D41"]
[WhiteElo "2275"]
[BlackElo "2411"]
[Annotator "TA"]
[PlyCount "75"]
[EventDate "2022.11.18"]
[EventType "tourn"]
[EventCountry "USA"]
[SourceTitle "playchess.com"]
[Source "ChessBase"]
[SourceQuality "1"]
[TimeControl "5400+30"]

1. d4 d5 2. Nf3 Nf6 3. c4 e6 4. Nc3 c5 5. cxd5 exd5 6. Bg5 Be6 7. e3 c4 {[%emt 0:00:12] D32: Tarrasch Defence: Sidelines and lines without g3.} 8. Be2 (8. e4 {is more complex.} dxe4 9. Ne5 Nc6 10. Nxc6 bxc6 11. Qa4) 8... Bb4 9. O-O O-O {[%emt 0:00:07] White is slightly better.} 10. Qc2 (10. Ne5 {simplifies} Nc6 11. Ng4 Be7 12. Bxf6 Bxf6 13. Nxf6+ Qxf6 14. b3) 10... Nbd7 11. Ne5 {[%emt 0:02:11] [#]} Qc8 $146 ({Predecessor:} 11... Qa5 12. Nxd7 Nxd7 13. a3 Bxc3 14. bxc3 Nb6 15. a4 Bd7 16. Be7 Bxa4 17. Bxf8 Rxf8 {1-0 (38) Bluebaum,M (2647)-Vrolijk,L (2502) Chess.com INT 2020}) 12. f4 (12. Nxd7 $11 Nxd7 13. a3 Bxc3 14. Qxc3) 12... Bxc3 $1 $15 13. bxc3 Ne4 $1 {[%emt 0:05:42] Against f5} 14. Be7 Re8 15. Ba3 Bf5 (15... f6 {simplifies} 16. Nxd7 Qxd7 17. Bf3 Bf5) 16. Qb2 b5 (16... f6 {simplifies} 17. Nxd7 Qxd7 18. Bd1 g6) 17. Bh5 g6 18. Bf3 Rb8 (18... a6 {simplifies} 19. Bxe4 Bxe4 20. Nxd7 Qxd7 21. Bc5 Bd3) 19. Bxe4 Bxe4 20. Qf2 {[%emt 0:00:18] [#]} ({White should play} 20. Nxd7 $15 Qxd7 21. Bc5) 20... a5 $1 $17 21. Bd6 Rb6 22. Nxd7 Rxd6 ({Weaker is} 22... Qxd7 23. Bc5 Rbe6 24. h3 $15) 23. Nc5 b4 24. Qe1 Rb6 {[%emt 0:02:02] Black is more active.} 25. Rf2 Rb5 26. Rb2 {[%emt 0:03:07] [#]} (26. Na4 $17 {keeps fighting.}) 26... Rxc5 $1 $19 27. dxc5 Qxc5 28. cxb4 axb4 29. Qxb4 (29. Rxb4 d4 30. Rb2) 29... Qxe3+ 30. Rf2 c3 {[%emt 0:01:16] And now ...d4 would win.} 31. f5 Bxf5 32. Qf4 d4 {[%emt 0:02:29][%cal Bd5d4,Bd4d3,Bd3d2][%mdl 32] ...Qxf4 is the strong threat.} 33. g4 Qxf4 34. Rxf4 Be4 {[%emt 0:00:27] Strongly threatening ...d3.} 35. Kf2 d3 {[%emt 0:00:58] aiming for ...d2.} 36. Ke3 {[%emt 0:01:13] [#] Inhibits d2.} d2 $1 37. Rf6 (37. Rd1 Bc2+) 37... Bb1+ 38. Kd4 {Black took control after the opening.   Weighted Error Value: White=0.56/Black=0.03 (flawless)} 0-1

[Event "Fall GM-B Norm Invitational 2022"]
[Site "Charlotte"]
[Date "2022.11.19"]
[Round "4"]
[White "Cruz, Cristhian"]
[Black "Hilby, Craig"]
[Result "1/2-1/2"]
[ECO "A13"]
[WhiteElo "2552"]
[BlackElo "2411"]
[Annotator "TA"]
[PlyCount "47"]
[EventDate "2022.11.18"]
[EventType "tourn"]
[EventCountry "USA"]
[SourceTitle "playchess.com"]
[Source "ChessBase"]
[SourceQuality "1"]
[TimeControl "5400+30"]

1. c4 e6 2. Nf3 d5 3. e3 Nf6 4. b3 c5 5. Bb2 Nc6 6. cxd5 exd5 7. Bb5 Bd7 8. O-O Bd6 9. d4 cxd4 10. Nxd4 O-O 11. Nc3 Re8 12. Be2 Rc8 13. Nf3 Bg4 14. Rc1 Bb8 15. Nb5 {[%emt 0:04:36] D32: Tarrasch Defence: Sidelines and lines without g3.} Ne4 {[%emt 0:10:33] [#]} 16. g3 $146 ({Predecessor (2):} 16. Nc3 Bxf3 17. Bxf3 Qh4 18. g3 Nxg3 19. fxg3 Bxg3 20. hxg3 Qxg3+ 21. Bg2 Qxe3+ 22. Rf2 Nd4 23. Kf1 {1-0 (30) Harvey,M (2440)-Pert,R (2416) Chess.com INT 2020}) 16... Qe7 17. Nbd4 (17. Qxd5 $2 {loses.} Red8 18. Ba3 (18. Qc4 $2 Nb4 $19) 18... Rxd5 $19) 17... Qf6 18. Rc2 {[%emt 0:03:44] [#] And now Nxc6 would win.} Qh6 {[%emt 0:02:46] The position is equal.} 19. Nh4 Nxd4 20. Bxd4 Rxc2 21. Qxc2 Rc8 22. Qb2 Bxe2 23. Qxe2 {[%emt 0:00:06] Hoping for Qg4.} Qe6 {[%emt 0:00:32] Prevents Qg4.} 24. Ng2 {[%emt 0:12:38] An interesting draw.   Weighted Error Value: White=0.08 (flawless) /Black=0.03 (flawless)} 1/2-1/2

[Event "Fall GM-B Norm Invitational 2022"]
[Site "Charlotte"]
[Date "2022.11.19"]
[Round "4"]
[White "Beradze, Irakli"]
[Black "Williams, Justus"]
[Result "1/2-1/2"]
[ECO "A05"]
[WhiteElo "2494"]
[BlackElo "2395"]
[Annotator "TA"]
[PlyCount "102"]
[EventDate "2022.11.18"]
[EventType "tourn"]
[EventCountry "USA"]
[SourceTitle "playchess.com"]
[Source "ChessBase"]
[SourceQuality "1"]
[TimeControl "5400+30"]

1. Nf3 Nf6 2. g3 g6 3. b3 Bg7 4. Bb2 d6 5. d4 b5 6. Bg2 {[%emt 0:02:12][%cal Of3e5] A49: 1 d4 Nf6 2 Nf3 g6 3 g3: Anti-King's Indian systems.} Bb7 7. O-O Nbd7 8. c4 bxc4 9. bxc4 Rb8 10. Qc2 O-O 11. Nbd2 c5 12. d5 {[%emt 0:01:49] [#]} e6 $146 ({Predecessor:} 12... Ba6 13. Rab1 Nb6 14. e4 Qe8 15. e5 Nfxd5 16. cxd5 Bxf1 17. Rxf1 Nxd5 18. Re1 Qb5 {1-0 (49) Sadhwani,R (2616)-Harika,D (2517) Chess.com INT 2022}) 13. e4 exd5 14. exd5 Ba6 15. Rab1 Nb6 {[%emt 0:03:29] Prevents Qa4.} 16. Rfe1 Qd7 17. Bf1 Rfd8 (17... Rfe8 $11 {remains equal.}) 18. Bc3 (18. Ng5 {seems wilder.} Rf8 19. Nde4 Qd8 20. Nxf6+ Bxf6 21. Bxf6 Qxf6 22. Ne4) 18... Qa4 19. Qb3 (19. Rb3 $16 Re8 20. Rxe8+ Qxe8 21. Ra3) 19... Qd7 20. Qa3 Bc8 21. Rb3 (21. Ng5 {feels hotter.} Re8 22. Rxe8+ Nxe8 23. Re1) 21... Qc7 (21... Re8 $14) 22. Qc1 ({White should try} 22. Qb2 $16 Nh5 23. Bxg7 Nxg7 24. Ne4) 22... Na4 {[%emt 0:03:31] [#]} (22... Re8 $14) 23. Ba1 (23. Bxf6 $142 $1 Bxf6 24. Ne4) 23... Bd7 (23... Rxb3 $16 24. axb3 Nb6) 24. h3 $2 ({Don't take} 24. Re7 $6 Kf8 $16) ({White should play} 24. Ng5 $18 Bf5 25. f3) 24... Re8 $14 {[%emt 0:01:40] Inhibits Re7.} 25. Rbe3 Rxe3 26. Rxe3 Qd8 27. g4 (27. Ng5 {feels hotter.} Bf5 28. Ra3 Rb4 29. Ngf3) 27... h6 28. Bd3 h5 29. g5 Nh7 (29... Ne8 $14) 30. Bxg7 $16 (30. h4 {keeps more tension.} Bxa1 31. Qxa1 Bg4 32. Ne4) 30... Kxg7 31. h4 Kg8 32. Bc2 Nb6 33. Qa3 Rb7 34. Qc3 Nc8 35. Ne4 Bg4 36. Nfd2 Re7 37. Nf6+ (37. Nf1 $142) 37... Nxf6 38. Qxf6 Qf8 39. Qf4 {[%emt 0:04:04] [#] And now Ne4 would win. White is much more active.} (39. Be4 {with more complications.} Re8 40. Ra3 Qe7 41. f3) 39... Rxe3 40. fxe3 (40. Qxe3 {simplifies} Nb6 41. f3 Bf5 42. Bxf5 gxf5 43. Kg2) 40... Qg7 {[%emt 0:00:55] Hoping for ...Qc3.} 41. Ne4 {[%emt 0:02:24] Against Qc3} Qa1+ 42. Qf1 Qxf1+ 43. Kxf1 $11 {[%emt 0:00:02][%mdl 4096] Endgame KBN-KBN} Kf8 {[%emt 0:00:26] ...Bf5 is the strong threat.} 44. Nf6 Bh3+ 45. Ke2 {[%emt 0:00:09] The position is equal.} Nb6 46. Bd3 Bc8 47. Kd2 Ke7 48. Ng8+ Ke8 (48... Kf8 $5 49. Nf6 $8 Ke7 $11) 49. Nf6+ Kd8 50. a3 Ba6 51. Kc3 Na4+ {[%emt 0:01:12] Weighted Error Value: White=0.23 (precise) /Black=0.20 (precise)} 1/2-1/2